 Dungeon Crawl Stone Soup version 0.25-a0-413-g3b4b6a4ccc (webtiles) character file.

Game seed: 10321301502632876469, levelgen mode: deterministic

109 Gargoyl the Skirmisher (level 4, -3/38 HPs)
             Began as a Centaur Abyssal Knight on Jan 17, 2020.
             Was a Follower of Lugonu.
             Slain by an ogre
             ... wielding a cursed -1 giant club
              (8 damage)
             ... on level 2 of the Dungeon.
             The game lasted 00:04:37 (2183 turns).

Gargoyl the Skirmisher (Centaur Abyssal Knight)     Turns: 2183, Time: 00:04:38

Health: -3/38      AC:  7    Str: 15    XL:     4   Next: 59%
Magic:  6/6        EV:  9    Int: 11    God:    Lugonu [*.....]
Gold:   49         SH:  0    Dex:  9    Spells: 3/3 levels left

rFire    . . .     SeeInvis .   a - +1 hand axe
rCold    . . .     Gourm    .   (no shield)
rNeg     . . .     Faith    .   d - +0 troll leather armour
rPois    .         Spirit   .   (no helmet)
rElec    .         Reflect  .   k - +0 cloak
rCorr    .         Harm     .   f - +0 pair of gloves
MR       .....                  (no barding)
Stlth    ..........             (no amulet)
HPRegen  0.52/turn              (no ring)
MPRegen  0.10/turn              (no ring)

@: very quick
A: large, hooves 3, deformed body, speed 2, tough skin 3
a: Depart the Abyss, Renounce Religion


You were on level 2 of the Dungeon.
You worshipped Lugonu.
Lugonu was aware of your devotion.
You were not hungry.

You visited 1 branch of the dungeon, and saw 3 of its levels.
You visited the Abyss 1 time.

You collected 49 gold pieces.

Inventory:

Hand Weapons
 a - a +1 hand axe (weapon)
Armour
 d - a +0 troll leather armour (worn)
 f - a +0 pair of gloves (worn)
 k - a +0 cloak (worn)
Scrolls
 e - a scroll of fear
 g - 3 scrolls of remove curse
 h - a scroll of teleportation {unknown}
Potions
 b - 2 potions of lignification
Comestibles
 c - 4 rations


   Skills:
 + Level 3.5 Fighting
 + Level 2.7 Axes
 * Level 2.0 Armour
 * Level 1.4 Dodging
 * Level 2.7 Invocations


You had 3 spell levels left.
You didn't know any spells.
Your spell library was empty.

Dungeon Overview and Level Annotations

Branches:
Dungeon (3/15)

Altars:
Vehumet


Innate Abilities, Weirdness & Mutations

You have hooves in place of feet.
Armour fits poorly on your strangely shaped body.
You cover ground very quickly.
You have extremely tough skin. (AC +3)


Message History

The ogre hits you with a cursed -1 giant club!
* * * LOW HITPOINT WARNING * * *
You hit the ogre.
The ogre is severely wounded.
You hit the ogre.
The ogre is severely wounded.
The ogre hits you but does no damage.
All of the chunks of flesh in your inventory have rotted away.
It was a potion of cancellation.
Your magical effects are unravelling.
You feel magically purged.
You feel less wooden.
Your +0 cloak unmelds from your body.
Your +0 pair of gloves unmelds from your body.
Your +0 troll leather armour unmelds from your body.
The ogre barely misses you.
You barely miss the ogre. You kick the ogre.
The ogre is almost dead.
The ogre hits you with a cursed -1 giant club!
You die...

###############
###.............#################
....)...................O.g..g..b
###.................[....g#######
###.............###.#####'#**,,,.
................@O..........,,,..
#######.........###.###..........
#.......#########.###..........
###.......# #.........#'#.#####
..........# #.###.#####.#.#
###.......# *,# #.# #.#,*****
#.......#####.# #.# #.#,,,,,,
#.......#.....# #.# #.#******
###.....(.#.....# #.# #.#*,,,,,


You could see an ogre.

Vanquished Creatures
  A hound (D:3)
  Jessica (D:3)
  An adder (D:3)
  A worm (D:3)
  A leopard gecko (D:1)
  2 giant cockroaches (D:2)
  6 goblins
  6 hobgoblins
  4 jackals (D:1)
  2 kobolds (D:1)
  7 bats
  5 rats
37 creatures vanquished.

Vanquished Creatures (others)
  A lurking horror (Abyss:3)
  8 starspawn tentacles (Abyss:1)
9 creatures vanquished.

Grand Total: 46 creatures vanquished

Notes
Turn   | Place    | Note
-------+----------+-------------------------------------------
     0 | Abyss:1  | Gargoyl the Centaur Abyssal Knight began the quest for the
                  | Orb.
     0 | Abyss:1  | Reached XP level 1. HP: 19/19 MP: 2/2
    55 | Abyss:1  | Noticed a tentacled starspawn
    71 | Abyss:1  | Noticed a tentacled starspawn
    98 | Abyss:1  | Noticed a small abomination
    99 | Abyss:1  | Noticed a tentacled starspawn
   115 | Abyss:1  | Noticed an iron imp
   129 | Abyss:1  | Noticed a raiju
   152 | Abyss:1  | Noticed a small abomination
   154 | Abyss:1  | Noticed a large abomination
   277 | Abyss:2  | Noticed a smoke demon
   762 | Abyss:3  | Found a snail-covered altar of Cheibriados.
   767 | Abyss:3  | Found a corrupted altar of Lugonu.
   770 | Abyss:3  | Noticed a thrashing horror
   772 | Abyss:3  | Noticed a small abomination
   773 | Abyss:3  | Noticed a thrashing horror
   773 | Abyss:3  | Noticed a thrashing horror
   773 | Abyss:3  | Noticed a thrashing horror
   782 | Abyss:3  | Noticed a thrashing horror
   838 | Abyss:4  | Noticed a small abomination
   842 | Abyss:4  | Noticed a large abomination
   857 | Abyss:4  | Noticed a large abomination
   858 | Abyss:4  | Noticed a small abomination
   863 | D:1      | Escaped the Abyss
  1032 | D:1      | Reached XP level 2. HP: 26/26 MP: 3/3
  1034 | D:1      | Reached * piety under Lugonu
  1171 | D:1      | Reached skill level 1 in Dodging
  1453 | D:1      | Reached XP level 3. HP: 31/31 MP: 4/4
  1728 | D:2      | Noticed an ogre
  1949 | D:3      | Found a radiant altar of Vehumet.
  1989 | D:3      | Noticed Jessica
  1997 | D:3      | Killed Jessica
  1997 | D:3      | Reached XP level 4. HP: 38/38 MP: 5/5
  2183 | D:2      | Slain by an ogre

Levels and vault maps discovered:
D:1:      wander_arrival_lonely_grave, layout_basic, nrook_mini_backslash,
          chequers_garden
D:2:      layout_basic, bh_walls_and_bars, uniq_crazy_yiuf_cottage
D:3:      minmay_general_purpose_star, layout_basic,
          nicolae_overflow_hidden_temple, roderic_serpentine_path, uniq_sigmund,
          uniq_jessica

Skill      XL: |  1  2  3  4 |
---------------+-------------+-----
Axes           | 2 |  2.7
Dodging        | 1 |  1.4
Armour         | 2 |  2.0
Fighting       | |  3.5
Invocations    | |  2.7

Action                   |  1- 3 |  4- 6 || total
-------------------------+-------+-------++-------
Melee: Hand axe          |    86 |    27 ||   113
       Kick              |    14 |     7 ||    21
Invok: Depart the Abyss  |     1 |       ||     1
  Use: Potion            |     2 |     3 ||     5
       Scroll            |     4 |       ||     4
  Eat: Chunk             |     2 |     1 ||     3
Armor: Troll leather arm |    54 |     8 ||    62
       Skin              |     1 |     5 ||     6
Dodge: Dodged            |    46 |     9 ||    55

Table legend:
 A = Non-vault XP
 B = Vault XP
 C = Vault XP percentage of total XP
 D = Non-vault monster count
 E = Vault monster count
 F = Vault count percentage of total count
                 A         B        C        D         E       F
            +---------+---------+-------+---------+---------+-------
      Total |     119 |      37 |  23.7 |      36 |       1 |   2.7
            +---------+---------+-------+---------+---------+-------
        D:1 |      41 |       0 |   0.0 |      24 |       0 |   0.0
        D:2 |       9 |       0 |   0.0 |       5 |       0 |   0.0
        D:3 |      69 |      37 |  34.9 |       7 |       1 |  12.5
            +---------+---------+-------+---------+---------+-------
